 Dungeon Crawl Stone Soup version 0.22-a0-91-g23542c2 (webtiles) character file.

91 4thArraOfDagon the Digger (level 4, 0/30 HPs)
             Began as a Human Wanderer on Jan 22, 2018.
             Succumbed to an adder's poison
             ... on level 6 of the Dungeon.
             The game lasted 00:04:08 (683 turns).

4thArraOfDagon the Digger (Human Wanderer)           Turns: 683, Time: 00:04:09

Health: 0/30       AC:  3    Str: 11    XL:     4   Next: 88%
Magic:  1/7        EV: 11    Int: 15    God:
Gold:   56         SH:  0    Dex: 12    Spells: 3/7 levels left

rFire    . . .     SeeInvis .   i - +0 flail
rCold    . . .     Gourm    .   (no shield)
rNeg     . . .     Faith    .   c - +0 robe
rPois    .         Spirit   .   (no helmet)
rElec    .         Reflect  .   b - +0 cloak
rCorr    .         Harm     .   (no gloves)
MR       .....                  (no boots)
Stlth    ++........             (no amulet)
HPRegen  0.10/turn              (no ring)
MPRegen  0.10/turn              (no ring)

@: lethally poisoned (0 -> -2)
A: no striking features
a: no special abilities


You were on level 6 of the Dungeon.
You were not hungry.

You visited 1 branch of the dungeon, and saw 6 of its levels.

You collected 56 gold pieces.

Inventory:

Hand Weapons
 d - a +0 dagger
 i - a +0 flail (weapon)
Armour
 b - a +0 cloak (worn)
 c - a +0 robe (worn)
Scrolls
 e - 2 scrolls of remove curse
Books
 a - a book of Geomancy

   Spells                             Type                      Level
   a - Sandblast                      Earth                        1
   b - Passwall                       Transmutation/Earth          2
   c - Stone Arrow                    Conjuration/Earth            3
   d - Petrify                        Transmutation/Earth          4
   e - Lee's Rapid Deconstruction     Earth                        5
Comestibles
 f - 3 rations


   Skills:
 - Level 1.0 Stealth
   Level 1.0 Shields
 - Level 2.0 Spellcasting
   Level 3.0 Necromancy
 * Level 5.2 Earth Magic


You had 3 spell levels left.
You knew the following spells:

 Your Spells              Type           Power        Failure   Level  Hunger
a - Sandblast             Erth           ###...       2%          1    #......
b - Stone Arrow           Conj/Erth      #.....       22%         3    ###....


Dungeon Overview and Level Annotations

Branches:
Dungeon (6/15)
 Temple: D:4-7

Altars:
Hepliaklqana


Message History

The stone arrow hits the adder.
You kill the adder!
Unknown command.
* * * LOW HITPOINT WARNING * * *
You feel sick.
Unknown command.
Unknown command.
Unknown command.
Unknown command.
* * * LOW HITPOINT WARNING * * *
You feel sick.
Unknown command.
There is a stone staircase leading down here.
Unknown command.
You climb downwards.
There is a stone staircase leading up here.
Unknown command.
Unknown command.
Unknown command.
You die...

###
#..
#.#
..#
#.#
#.#
##@#
#..#
#.<#
#....#
##.###
#.#
#.#
#.#
#.#


There were no monsters in sight!

Vanquished Creatures
  A howler monkey (D:4)
  3 adders
  4 orcs
  4 bats
  A giant cockroach (D:4)
  2 goblins (D:2)
  3 hobgoblins
  A kobold (D:3)
  2 frilled lizards
  3 rats
24 creatures vanquished.

Notes
Turn   | Place    | Note
-------+----------+-------------------------------------------
     0 | D:1      | 4thArraOfDagon the Human Wanderer began the quest for the Orb.
     0 | D:1      | 4thArraOfDagon set off with: a book of Geomancy, a potion of lignification, a +0 robe, a +0 dagger, a ration
     0 | D:1      | Reached XP level 1. HP: 13/13 MP: 3/3
     2 | D:1      | Learned a level 1 spell: Sandblast
     2 | D:1      | Thaneod: Hufi?
    45 | D:1      | 4thArraOfDagon: huwr :P
   139 | D:1      | You fall through a shaft!
   178 | D:2      | Reached XP level 2. HP: 13/19 MP: 5/5
   320 | D:2      | Found a hazy altar of Hepliaklqana.
   352 | D:3      | Reached skill level 4 in Earth Magic
   352 | D:3      | Reached XP level 3. HP: 12/24 MP: 6/6
   357 | D:3      | Learned a level 3 spell: Stone Arrow
   626 | D:4      | Noticed an ogre
   627 | D:4      | Reached skill level 5 in Earth Magic
   627 | D:4      | Reached XP level 4. HP: 15/30 MP: 2/7
   636 | D:5      | Entered Level 5 of the Dungeon
   674 | D:5      | HP: 1/30 [poisoned by an adder]
   683 | D:6      | Succumbed to an adder's poison

Vault maps used:
D:1:      co_arrival_square_in_a_square_in_a_square
D:2:      overflow_temple_1_default, first_ration
D:3:      dancing_weapons_uskayaw, st_stairs_13, kennysheep_orc_chapel
D:4:      temple_green, kennysheep_generic_room_9
D:5:      led_sif_book, serial_shops, shop_statue, kennysheep_windowed_goal,
          uniq_duvessa, uniq_ijyb, uniq_grinder
D:6:      vehumet_statue, gammafunk_temple_overflow_pools,
          nicolae_ashenzari_panopticon, uniq_sigmund

Skill      XL: |  1  2  3 |
---------------+----------+-----
Earth Magic    | 4 5 |  5.2
Stealth        | |  1.0
Shields        | |  1.0
Spellcasting   | |  2.0
Necromancy     | |  3.0

Action                   |  1- 3 |  4- 6 || total
-------------------------+-------+-------++-------
Melee: Dagger            |    44 |       ||    44
       Flail             |     3 |       ||     3
 Cast: Sandblast         |    22 |     5 ||    27
       Stone Arrow       |       |     1 ||     1
  Use: Potion            |     5 |       ||     5
       Scroll            |     1 |       ||     1
 Stab: Sleeping          |     3 |       ||     3
Armor: Robe              |    11 |     3 ||    14
       Skin              |     3 |       ||     3
Dodge: Dodged            |    39 |     9 ||    48

Table legend:
 A = Spawn XP
 B = Non-spawn XP
 C = Spawn XP percentage of total XP
 D = Spawn monster count
 E = Non-spawn monster count
 F = Spawn count percentage of total count
 G = Total turns spent on level
                    A         B        C        D         E        F      G
               +---------+---------+-------+---------+---------+-------+---------
         Total |       0 |     131 |   0.0 |       0 |      24 |   0.0 |   683
               +---------+---------+-------+---------+---------+-------+---------
           D:1 |       0 |       3 |   0.0 |       0 |       2 |   0.0 |   171
           D:2 |       0 |      23 |   0.0 |       0 |       7 |   0.0 |   171
           D:3 |       0 |      19 |   0.0 |       0 |      10 |   0.0 |   240
           D:4 |       0 |      59 |   0.0 |       0 |       3 |   0.0 |    54
           D:5 |       0 |      27 |   0.0 |       0 |       2 |   0.0 |    45
               +---------+---------+-------+---------+---------+-------+---------
